 Dungeon Sprint DCSS version 0.30.1-4-g462c640d31 (webtiles) character file.

Game seed: 10569098736266013111

4846 Heoruswealwe the Ninja (level 10, -16/53 HPs)
             Began as a Spriggan Artificer on Sept 15, 2023.
             Was an Initiate of Gozag.
             Shot with an arrow by a centaur warrior (29 damage)
             ... in the Dungeon (Sprint I: "Red Sonja").
             The game lasted 00:10:05 (476 turns).

Heoruswealwe the Ninja (Spriggan Artificer)          Turns: 476, Time: 00:10:07

Health: -16/53     AC:  5    Str:  8    XL:     10   Next: 25%
Magic:  11/11      EV: 30    Int: 13    God:    Gozag
Gold:   637        SH:  0    Dex: 20    Spells: 9/9 levels left

rFire   . . .        b - +1 dagger (venom)
rCold   . . .        (no shield)
rNeg    . . .        c - +2 robe {Will+}
rPois   .            (helmet restricted)
rElec   .            f - +0 cloak
rCorr   .            (gloves unavailable)
SInv    +            (boots unavailable)
Will    ++...        (no amulet)
Stlth   ++++++++++   (no ring)
HPRegen 0.28/turn    (no ring)
MPRegen 0.12/turn

%: no teleportation
@: gold aura, very quick
A: very small, no large weapons, unfitting armour, see invisible, speed 3
a: Renounce Religion, Potion Petition, Call Merchant, Bribe Branch


You were in the Dungeon.
You worshipped Gozag.
Gozag was pleased with you.
You visited 1 branch You collected 838 gold pieces.
You spent 171 gold pieces at shops.
You donated 30 gold pieces to Zin.

Inventory:

Hand Weapons
 a - a +1 dagger of flaming
 b - a +1 dagger of venom (weapon)
Armour
 c - a +2 robe of willpower (worn)
 f - a +0 cloak (worn)
Wands
 d - a wand of charming (15)
 j - a wand of flame (13) (quivered)
 l - a wand of acid (11)
Scrolls
 k - a scroll of blinking
 n - a scroll of poison {unknown}
 o - a scroll of enchant weapon {unknown}
Potions
 g - 3 potions of heal wounds
 h - a potion of haste
 i - 2 potions of ambrosia {unknown}
 m - a potion of brilliance {unknown}
 p - 3 potions of curing


   Skills:
 - Level 6.4 Fighting
 - Level 8.4 Short Blades
 + Level 15.1 Dodging
 O Level 27 Stealth
 - Level 4.0 Evocations


You had 9 spell levels left.
You didn't know any spells.
Your spell library was empty.

Dungeon Overview and Level Annotations

Branches:
Dungeon (1/1)

Altars:
Cheibriados
Dithmenos
Elyvilon
Fedhas
Gozag
Hepliaklqana
Kikubaaqudgha
Nemelex Xobeh
Okawaru
Qazlal
Ru
Sif Muna
Trog
Uskayaw
Vehumet
Wu Jian
Yredelemnul
Zin
The Shining One

Shops:
D :([([![


Innate Abilities, Weirdness & Mutations

You are very small and have problems with some larger weapons.
You are too small for most types of armour.
You have supernaturally acute eyesight. (SInv)
You cover ground extremely quickly. (Speed+++)


Message History

The centaur warrior wields a +0 shortbow.
The centaur warrior shoots an arrow.
The arrow completely misses you.
There is an open door here.
You see here 3 stones.
The centaur warrior shoots an arrow.
The arrow closely misses you.
There is an open door here.
Aiming: Iceblast
Press: ? - help, Shift-Dir - straight line, f - centaur warrior
Aim: a centaur warrior, wielding a +0 shortbow The mass of ice explodes!
The iceblast engulfs the centaur warrior!!
The centaur warrior is heavily wounded.
The iceblast engulfs the centaur warrior!
The centaur warrior is lightly wounded.
The centaur warrior shoots an arrow.
The arrow closely misses you.
Aiming: Iceblast
Press: ? - help, Shift-Dir - straight line, f/p - centaur warrior
Aim: a centaur warrior, wielding a +0 shortbow (purple smoke, heavily wounded)
The mass of ice explodes!
The iceblast engulfs the centaur warrior!
The centaur warrior is severely wounded.
The iceblast engulfs the centaur warrior.
The centaur warrior is moderately wounded.
The now-empty wand crumbles to dust.
The centaur warrior unwields a +0 shortbow.
The centaur warrior completely misses you. x2
Aiming: Corrosive Bolt
Press: ? - help, Shift-Dir - straight line, f/p - centaur warrior
Aim: a centaur warrior (purple smoke, severely wounded, 81% to hit)
The bolt of acid hits the centaur warrior!!
The acid corrodes the centaur warrior!
You kill the centaur warrior!
The bolt of acid hits the centaur warrior!
The centaur warrior is moderately wounded.
The centaur warrior shoots an arrow.
The arrow hits you!!
* * * LOW HITPOINT WARNING * * *
The centaur warrior shoots an arrow.
The arrow hits you!!
Ouch! That really hurt!
You die...
Your body crumbles into a pile of gold.

..)..#.)'..#..+ $$ $
..#####'#####'# ### $ $
..####..#...#(####?=# $
$
..#__####.(##.#~~§§§#$$
$ ..#_____##'#_.+~~§§§+
$
⌠⌠#_.∩..†'..._#§§§c§#$$
$ ###_..__##_.#'##c###
$$#_____###'#.#.§§.###
$
###########.####@###)##
$
∩........'...'.§§§.'.∩#
$
##''''####...##########
$ $$ .......####.###


$$$$ ........#.#'#.# $ $$$$ ..#.....#.....# $$$$ ........#..)..# $$$
.....#..####### ........# $ You could see a centaur warrior.

Vanquished Creatures
  A centaur warrior (D)
  Sonja (D)
  A deep troll (D)
  8 shining eyes (D)
  Sigmund (D)
  A yak (D)
  4 floating eyes (D)
  An ogre (D)
  A jelly (D)
  Ijyb (D)
  A ballistomycete spore (D)
21 creatures vanquished.

Vanquished Creatures (others)
  A ballistomycete spore (D)
1 creature vanquished.

Grand Total: 22 creatures vanquished

Notes
Turn   | Place    | Note
-------+----------+-------------------------------------------
     0 | D        | Heoruswealwe the Spriggan Artificer began the quest for the
                  | Orb.
     0 | D        | Reached XP level 1. HP: 9/9 MP: 2/2
     1 | D        | Noticed Ijyb
     4 | D        | Killed Ijyb
     5 | D        | Reached skill level 9 in Stealth
     5 | D        | Reached XP level 2. HP: 14/14 MP: 3/3
    15 | D        | Noticed an ogre
    18 | D        | Killed an ogre
    19 | D        | Reached skill level 14 in Stealth
    19 | D        | Reached XP level 3. HP: 17/17 MP: 4/4
    19 | D        | Reached XP level 4. HP: 21/21 MP: 5/5
    27 | D        | Noticed Sigmund
    30 | D        | Killed Sigmund
    31 | D        | Reached skill level 18 in Stealth
    31 | D        | Reached XP level 5. HP: 25/25 MP: 6/6
    43 | D        | Found an ornate altar of the Wu Jian Council.
    43 | D        | Found a shimmering blue altar of Sif Muna.
    45 | D        | Found a radiant altar of Vehumet.
    50 | D        | Reached XP level 6. HP: 29/29 MP: 7/7
    78 | D        | Found Ruityfit's Antique Weapon Emporium.
    78 | D        | Found an ancient bone altar of Kikubaaqudgha.
    78 | D        | Found a hazy altar of Hepliaklqana.
    78 | D        | Found a stormy altar of Qazlal.
    78 | D        | Found a hide-covered altar of Uskayaw.
    78 | D        | Found a blossoming altar of Fedhas.
    78 | D        | Found a bloodstained altar of Trog.
    78 | D        | Found an iron altar of Okawaru.
    78 | D        | Found a basalt altar of Yredelemnul.
    78 | D        | Found a glowing golden altar of the Shining One.
    78 | D        | Found a snail-covered altar of Cheibriados.
    78 | D        | Found a sacrificial altar of Ru.
    78 | D        | Found a glowing silver altar of Zin.
    78 | D        | Found a shadowy altar of Dithmenos.
    78 | D        | Found a white marble altar of Elyvilon.
    78 | D        | Noticed a yak
    79 | D        | Found an opulent altar of Gozag.
    80 | D        | Killed a yak
    81 | D        | Reached skill level 21 in Stealth
    81 | D        | Found a sparkling altar of Nemelex Xobeh.
    86 | D        | Became a worshipper of Zin the Law-Giver
    86 | D        | Reached * piety under Zin
    86 | D        | Reached ** piety under Zin
    86 | D        | Reached *** piety under Zin
    86 | D        | Reached **** piety under Zin
    86 | D        | Reached ***** piety under Zin
    86 | D        | Reached ****** piety under Zin
    95 | D        | Noticed Sonja
    98 | D        | Killed Sonja
    99 | D        | Reached skill level 24 in Stealth
    99 | D        | Reached XP level 7. HP: 32/32 MP: 8/8
   125 | D        | Found Hits's Book Boutique.
   136 | D        | Noticed a shining eye
   136 | D        | Noticed a shining eye
   136 | D        | Noticed a shining eye
   136 | D        | Noticed a shining eye
   136 | D        | Noticed a shining eye
   136 | D        | Noticed a shining eye
   138 | D        | Paralysed by a floating eye for 3 turns
   139 | D        | Reached skill level 1 in Fighting
   139 | D        | Reached skill level 1 in Short Blades
   139 | D        | Reached skill level 25 in Stealth
   139 | D        | Reached XP level 8. HP: 37/37 MP: 9/9
   141 | D        | Noticed a shining eye
   141 | D        | Noticed a shining eye
   143 | D        | Killed a shining eye
   143 | D        | Paralysed by a floating eye for 2 turns
   144 | D        | Reached skill level 5 in Dodging
   147 | D        | Paralysed by a floating eye for 4 turns
   153 | D        | Killed a shining eye
   154 | D        | Reached skill level 5 in Short Blades
   158 | D        | Reached skill level 26 in Stealth
   158 | D        | Reached XP level 9. HP: 46/46 MP: 10/10
   160 | D        | Killed a shining eye
   161 | D        | Reached skill level 5 in Fighting
   163 | D        | Paralysed by a floating eye for 4 turns
   199 | D        | Killed a shining eye
   222 | D        | Killed a shining eye
   223 | D        | Reached skill level 10 in Dodging
   246 | D        | Killed a shining eye
   247 | D        | Reached skill level 27 in Stealth
   270 | D        | Killed a shining eye
   271 | D        | Reached XP level 10. HP: 53/53 MP: 11/11
   285 | D        | Killed a shining eye
   296 | D        | Fell from the grace of Zin
   296 | D        | Became a worshipper of Gozag Ym Sagoz the Greedy
   304 | D        | Noticed a deep troll
   308 | D        | Killed a deep troll
   309 | D        | Reached skill level 15 in Dodging
   319 | D        | Found Ixkumn's Armour Emporium.
   394 | D        | Found Wenatexa's Armour Shop.
   394 | D        | Found Mapranta's Weapon Shoppe.
   394 | D        | Found Juoh's Distillery.
   394 | D        | Found Ugoth's Antique Armour Emporium.
   401 | D        | Bought a cloak for 94 gold pieces
   401 | D        | Bought an embroidered robe for 77 gold pieces
   468 | D        | Noticed a centaur warrior
   469 | D        | Noticed a centaur warrior
   476 | D        | Killed a centaur warrior
   476 | D        | Shot with an arrow by a centaur warrior

Illustrated notes

Levels and vault maps discovered:
D:        dungeon_sprint_1 [red_sonja_temple_1, red_sonja_temple_small_1]

Skill      XL: |  1  2  3  4  5  6  7  8  9 10 |
---------------+-------------------------------+-----
Stealth        | 9 14 18 24 25 26 27 | 27.0
Fighting       | 1 4 6 |  6.4
Short Blades   | 1 5 8 |  8.4
Dodging        | 7 12 15 | 15.1
Evocations     | |  4.0

Action                     |  1- 3 |  4- 6 |  7- 9 | 10-12 || total
---------------------------+-------+-------+-------+-------++-------
  Melee: Dagger            |     1 |     3 |    97 |    17 ||   118
         Punch             |       |       |     4 |       ||     4
  Evoke: Wand              |     2 |     3 |       |     3 ||     8
   Stab: Sleeping          |     1 |     3 |     6 |     2 ||    12
  Dodge: Dodged            |       |     2 |       |     5 ||     7
